 Dungeon Crawl Stone Soup version 0.29-a0-322-g68df515428 (webtiles) character file.

Game seed: 11444030739372810435

308 sammy202020 the Skirmisher (level 6, 0/75 HPs)
             Began as a Demonspawn Berserker on Apr 5, 2022.
             Was a Believer of Trog.
             Slain by Pikel
             ... wielding a +0 whip of electrocution
              (20 damage)
             ... on level 4 of the Dungeon.
             The game lasted 00:04:43 (4836 turns).

sammy202020 the Skirmisher (Demonspawn Berserker)   Turns: 4836, Time: 00:04:43

Health: 0/75       AC: 12    Str: 18    XL:     6   Next: 16%
Magic:  6/6        EV:  5    Int: 10    God:    Trog [**....]
Gold:   207        SH:  5    Dex: 12    Spells: 5/5 levels left

rFire   . . .      SeeInvis .   a - +1 hand axe
rCold   . . .      Faith    .   (no shield)
rNeg    . . .      Spirit   .   d - +0 plate armour
rPois   .          Reflect  +   (no helmet)
rElec   .          Harm     .   (no cloak)
rCorr   .          Rampage  .   (no gloves)
Will    ++...                   i - +0 pair of boots
Stlth   ..........              g - amulet of reflection
HPRegen 1.22/turn               (no ring)
MPRegen 0.10/turn               (no ring)

@: berserking, strong-willed, regenerating, very quick
A: spiny 1, weakness stinger 2
a: Renounce Religion, Berserk, Trog's Hand


You were on level 4 of the Dungeon.
You worshipped Trog.
Trog was pleased with you.
You visited 1 branch of the dungeon, and saw 4 of its levels.

You collected 207 gold pieces.

Inventory:

Hand Weapons
 a - a +1 hand axe (weapon)
 o - a +0 flail
Missiles
 m - 8 poisoned darts (quivered)
 n - a silver boomerang
Armour
 d - a +0 plate armour (worn)
 i - a +0 pair of boots (worn)
Jewellery
 g - an amulet of reflection (around neck)
Scrolls
 b - a scroll of enchant weapon
 e - 2 scrolls of teleportation
 h - a scroll of amnesia {unknown}
 p - a scroll of identify
Potions
 c - a potion of flight {unknown}
 f - 3 potions of curing
 j - 2 potions of lignification {unknown}
 k - 2 potions of attraction {unknown}
 l - a potion of brilliance {unknown}


   Skills:
 * Level 4.9 Fighting
 * Level 4.5 Axes
 + Level 3.0 Armour
 - Level 1.7 Dodging


You had 5 spell levels left.
You didn't know any spells.
Your spell library was empty.

Dungeon Overview and Level Annotations

Branches:
Dungeon (4/15)
 Temple: D:4-7

Altars:
Hepliaklqana
Uskayaw

Annotations:
D:4 Pikel


Innate Abilities, Weirdness & Mutations

You are partially covered in sharp spines.
You have a tail ending in a sharp stinger.


Message History

You completely miss the lemure.
The lemure is moderately wounded.
You hit Pikel.
Your tail-slap misses Pikel.
Pikel is lightly wounded.
You barely miss Pikel.
Pikel is lightly wounded.
Pikel hits you with a +0 whip of electrocution!
You hit Pikel. You punch Pikel, but do no damage.
Pikel is moderately wounded.
Pikel says, "Hell isn't that bad."
Pikel hits you with a +0 whip of electrocution.
You block Pikel's attack.
You hit Pikel but do no damage.
Pikel is moderately wounded.
Pikel is struck by your spines.
Pikel hits you with a +0 whip of electrocution.
You are electrocuted!!
You barely miss Pikel.
Pikel is moderately wounded.
Pikel is struck by your spines.
Pikel hits you with a +0 whip of electrocution.
You barely miss Pikel.
Pikel is heavily wounded.
Pikel is struck by your spines.
Pikel hits you with a +0 whip of electrocution.
* * * LOW HITPOINT WARNING * * *
Your skin crawls.
You feel strong-willed. You block Pikel's attack.
A red film seems to cover your vision as you go berserk!
You feel yourself moving faster!
You feel mighty! Pikel is struck by your spines.
Pikel hits you but does no damage.
You slash Pikel!
Pikel is severely wounded.
You closely miss Pikel.
Pikel is severely wounded.
Pikel hits you with a +0 whip of electrocution.
* * * LOW HITPOINT WARNING * * *
You are electrocuted!!
You die...

#.. #. .# #.. .#. #.# #.#
.... #.# #.. .[... #.#
### .....# #.# ......#
##.## #
......5####...###########
.....55K@..............).
......5##.#...###.#######
......# #.##..# #.# #
.....# #[###.# #.# #
#...# #.###.###.# # ##+#
#.........# #
#.##########.##### #
#.#.....# #.# # ##.#.#
#.####.# #


You could see Pikel and 4 lemures.

Vanquished Creatures
  2 orc priests (D:4)
  Jessica (D:2)
  An iguana (D:3)
  2 orc wizards (D:4)
  3 adders
  3 gnolls (D:3)
  3 worms (D:3)
  5 orcs
  6 bats
  7 endoplasms
  2 giant cockroaches
  6 goblins
  9 hobgoblins
  10 jackals (D:1)
  4 kobolds
  A quokka (D:3)
  6 ball pythons
  5 frilled lizards
  4 rats (D:1)
80 creatures vanquished.

Notes
Turn   | Place    | Note
-------+----------+-------------------------------------------
     0 | D:1      | sammy202020 the Demonspawn Berserker began the quest for
                  | the Orb.
     0 | D:1      | Reached XP level 1. HP: 18/18 MP: 1/1
   650 | D:1      | Discovered your monstrous ancestry.
   650 | D:1      | Gained mutation: You have a small tail. [demonic ancestry]
   650 | D:1      | Reached XP level 2. HP: 23/24 MP: 2/2
  1016 | D:1      | Reached ** piety under Trog
  1129 | D:1      | Gained mutation: You have a tail ending in a sharp stinger.
                  | [demonic ancestry]
  1129 | D:1      | Reached XP level 3. HP: 29/29 MP: 3/3
  2045 | D:2      | Found a hide-covered altar of Uskayaw.
  2329 | D:2      | Noticed Jessica
  2335 | D:2      | Killed Jessica
  2336 | D:2      | Reached XP level 4. HP: 37/37 MP: 4/4
  3023 | D:3      | Gained mutation: You are partially covered in sharp spines.
                  | [demonic ancestry]
  3023 | D:3      | Reached XP level 5. HP: 27/42 MP: 5/5
  3343 | D:3      | Found a faded altar of an unknown god.
  3888 | D:3      | Found a hazy altar of Hepliaklqana.
  4521 | D:4      | Reached XP level 6. HP: 34/50 MP: 6/6
  4822 | D:4      | Noticed Pikel
  4836 | D:4      | Slain by Pikel

Illustrated notes

Levels and vault maps discovered:
D:1:      dpeg_arrival_court, layout_loops_corners
D:2:      layout_loops_corners, basic_altar, uniq_jessica
D:3:      layout_loops_cross, nicolae_overflow_crystal_walls,
          shapermc_ecumenical_altar_mp_vishouse
D:4:      layout_loops_corners, uniq_pikel

Skill      XL: |  1  2  3  4  5 |
---------------+----------------+-----
Axes           | 3 4 |  4.5
Armour         | 2 3 |  3.0
Fighting       | 4 |  4.9
Dodging        | |  1.7

Action                   |  1- 3 |  4- 6 || total
-------------------------+-------+-------++-------
Melee: Hand axe          |   113 |   107 ||   220
       Tailslap          |    11 |    12 ||    23
       Punch             |       |     2 ||     2
Invok: Berserk           |       |     2 ||     2
       Trog's Hand       |       |     2 ||     2
  Use: Scroll            |       |     5 ||     5
 Stab: Sleeping          |     2 |       ||     2
Armor: Animal skin       |    11 |       ||    11
       Ring mail         |    18 |    20 ||    38
       Plate armour      |       |    10 ||    10
Dodge: Dodged            |    71 |    30 ||   101
Block: Other             |    16 |    22 ||    38
       Reflection        |       |     1 ||     1

Table legend: (Time is in decaauts)
 A = Elapsed time spent in this place.
 B = Non-inter-level travel time spent in this place.
 C = Inter-level travel time spent in this place.
 D = Time resting spent in this place.
 E = Time spent auto-exploring this place.
 F = Levels seen in this place.
 G = Mean time per level.
                   A        B        C        D        E       F      G
               +--------+--------+--------+--------+--------+-----+--------+
         Total |   4871 |   4741 |    130 |    712 |   3391 |   4 | 1217.8 |
       Dungeon |   4871 |   4741 |    130 |    712 |   3391 |   4 | 1217.8 |
               +--------+--------+--------+--------+--------+-----+--------+

Top non-repeatable levels by time:
     D:1: 1893 daAuts
     D:3: 1359 daAuts
     D:2: 813 daAuts
     D:4: 804 daAuts
